 Dungeon Crawl Stone Soup version 0.31-a0-473-g61b50ae490 (webtiles) character file.

Game seed: 9943418421406973381

197352 quinnr the Cloud Mage (level 18, -4/101 HPs)
             Began as a Tengu Air Elementalist on Aug 6, 2023.
             Was a High Priest of Vehumet.
             Slain by a harpy (6 damage)
             ... while petrified by a catoblepas
             ... on level 2 of the Shoals.
             The game lasted 01:57:23 (57446 turns).

quinnr the Cloud Mage (Tengu Air Elementalist)     Turns: 57446, Time: 01:57:24

Health: -4/101     AC: 18    Str: 10    XL:     18   Next: 85%
Magic:  23/36      EV:  2    Int: 29    God:    Vehumet [*****.]
Gold:   1375       SH:  0    Dex: 17    Spells: 1/43 levels left

rFire   + + .        K - staff of air {!a}
rCold   + + +        b - +2 buckler
rNeg    + + +        t - +3 leather armour of the Many Gods {rPois rC+ rN+ Int+2}
rPois   ∞            C - +2 hat
rElec   +            x - +2 cloak
rCorr   +            a - +1 pair of gloves "Veirchuj" {Int+5}
SInv    .            (boots unavailable)
Will    +++..        S - amulet of the acrobat
Stlth   +++          v - ring of Lynyaffaass {rF++ rN+ Will+ Str+6 Slay-5}
HPRegen 0.36/turn    u - ring of Big Hiaf {rC++ Will+ rCorr AC+4 Str-4}
MPRegen 0.25/turn

%: acrobat
@: swift, petrified, flying quickly and evasively, very quick
A: beak, talons 3, nimble flight
a: Renounce Religion


You were on level 2 of the Shoals.
You worshipped Vehumet.
Vehumet was extremely pleased with you.
You visited 6 branches of the dungeon, and saw 29 of its levels.
You visited 1 bazaar.
You also visited: Ossuary.

You collected 2874 gold pieces.
You spent 1499 gold pieces at shops.


Innate Abilities, Weirdness & Mutations

You have a beak for a mouth.
You have claws for feet.
Your magical nature lets you fly swiftly and evasively.


   Skills:
 - Level 7.0 Fighting
 - Level 5.0 Armour
 - Level 14.0 Dodging
 - Level 6.0 Stealth
 - Level 5.0 Shields
 - Level 13.0 Spellcasting
 - Level 10.7 Conjurations
 - Level 8.0 Summonings
 - Level 9.0 Fire Magic
 - Level 6.0 Ice Magic
 + Level 24.2 Air Magic
 * Level 9.3 Poison Magic
 - Level 6.0 Evocations


You had one spell level left.
You knew the following spells:

 Your Spells              Type           Power      Damage    Failure   Level
a - Airstrike             Air            63%        2d(9-25)  0%          4
c - Maxwell's Capacitive  Air            63%        ∞         1%          8
f - Freezing Cloud        Conj/Ice/Air   49%        6-21      1%          5
i - Swiftness             Air            100%       N/A       0%          3
l - Summon Lightning Spi  Summ/Air       100%       N/A       1%          4
m - Mephitic Cloud        Conj/Pois/Air  100%       N/A       1%          3
o - Olgreb's Toxic Radia  Pois           64%        N/A       1%          4
t - Static Discharge      Conj/Air       100%       2-7/arc   0%          2
X - Plasma Beam           Fire/Air       53%        2x1d68    1%          6
Y - Ignite Poison         Fire/Tmut/Pois 53%        N/A       1%          3

Your spell library contained the following spells:

 Spells                   Type           Power      Damage    Failure   Level
 Leda's Unmaking          Conj/Erth      24%        9d5       22%         6
 Shock                    Conj/Air       100%       1d9       0%          1
 Freeze                   Ice            100%       1d10      1%          1
 Magic Dart               Conj           100%       1d8       1%          1
 Sting                    Tmut/Pois      100%       1d8       1%          1
 Summon Small Mammal      Summ           100%       N/A       1%          1
 Apportation              Tloc           36%        N/A       4%          1
 Necrotise                Necr           72%        1d7       4%          1
 Poisonous Vapours        Pois/Air       100%       N/A       0%          2
 Call Imp                 Summ           100%       N/A       1%          2
 Cigotuvi's Dreadful Rot  Necr/Pois/Air  100%       N/A       1%          2
 Dazzling Flash           Conj/Hex       98%        N/A       1%          3
 Inner Flame              Hex/Fire       44%        N/A       1%          3
 Vhi's Electric Charge    Tloc/Air       100%       N/A       1%          3
 Volatile Blastmotes      Fire/Tloc      88%        2d17      1%          3
 Arcjolt                  Conj/Air       55%        1d65      1%          5
 Ensorcelled Hibernation  Hex/Ice        72%        N/A       2%          2
 Summon Guardian Golem    Hex/Summ       42%        N/A       3%          3
 Irradiate                Conj/Tmut      24%        3d19      4%          5
 Starburst                Conj/Fire      33%        6d10      4%          6
 Blink                    Tloc           36%        N/A       8%          2
 Lesser Beckoning         Tloc           36%        N/A       8%          2
 Sublimation of Blood     Necr           18%        N/A       8%          2
 Wereblood                Tmut           18%        N/A       8%          2
 Animate Armour           Summ/Erth      84%        N/A       10%         4
 Orb of Destruction       Conj           34%        9d10      14%         7
 Gell's Gravitas          Tloc           18%        N/A       16%         3
 Teleport Other           Tloc           18%        N/A       16%         3
 Tukima's Dance           Hex            18%        N/A       16%         3
 Alistair's Intoxication  Tmut/Pois      30%        N/A       22%         5
 Spellforged Servitor     Conj/Summ      32%        N/A       24%         7
 Summon Forest            Summ/Tloc      21%        N/A       26%         5
 Eringya's Noxious Bog    Tmut/Pois      22%        4d6       28%         6
 Lee's Rapid Deconstruct  Erth           9%         3d7*      32%         5
 Yara's Violent Unravell  Hex/Tmut       9%         3d6       32%         5
 Animate Dead             Necr           18%        N/A       45%         4
 Dispel Undead            Necr           18%        3d11      45%         4
 Manifold Assault         Tloc           18%        N/A       45%         4
 Passage of Golubria      Tloc           18%        N/A       45%         4
 Borgnjor's Vile Clutch   Necr/Erth      9%         N/A       80%         5
 Summon Hydra             Summ           30%        N/A       85%         7
 Death Channel            Necr           9%         N/A       100%        6
 Dispersal                Tloc           9%         N/A       100%        6
 Enfeeble                 Hex            9%         N/A       100%        7
 Haunt                    Necr/Summ      21%        N/A       100%        7
 Malign Gateway           Summ/Tloc      21%        N/A       100%        7
 Disjunction              Tloc           9%         N/A       100%        8
 Infestation              Necr           9%         N/A       100%        8
 Summon Horrible Things   Summ           30%        N/A       100%        8

Inventory:

Hand Weapons
 f - the +1 lajatang of Turmoil {heavy, +Blink rElec}
   (You bought it in a shop in a bazaar)

   rElec:     It insulates you from electricity.
   +Blink:    It lets you blink.
Armour
 a - the +1 pair of gloves "Veirchuj" (worn) {Int+5}
   (You found it on level 3 of the Elven Halls)

   Int:       It affects your intelligence (+5).
 b - a +2 buckler (worn)
 g - an orb of light
 t - the +3 leather armour of the Many Gods (worn) {rPois rC+ rN+ Int+2}
   (You found it on level 15 of the Dungeon)

   Int:       It affects your intelligence (+2).
   rC:        It protects you from cold.
   rPois:     It protects you from poison.
   rN:        It protects you from negative energy.
 x - a +2 cloak (worn)
 C - a +2 hat (worn)
Magical Staves
 e - a staff of conjuration {!a}
 k - a staff of poison {!a}
 K - a staff of air (weapon) {!a}
 M - the staff of the Exiled Allies {rN+ Str+2 Necro, !a}
   (You found it on level 3 of the Elven Halls)

   [staff of death]

   Base accuracy: +5 Base damage: 5 Base attack delay: 1.2 This weapon's minimum
   attack delay (0.6) is reached at skill level 12.
   Str:       It affects your strength (+2).
   rN:        It protects you from negative energy.
   Necro:     It increases the power of your Necromancy spells.
   It falls into the 'Staves' category.
   It is a one-handed weapon.
 N - a staff of cold {!a}
Jewellery
 c - a ring of protection from cold
 u - the ring of Big Hiaf (right hand) {rC++ Will+ rCorr AC+4 Str-4}
   (You took it off a centaur warrior on level 10 of the Dungeon)

   [ring of protection]

   AC:        It affects your AC (+4).
   Str:       It affects your strength (-4).
   rC:        It greatly protects you from cold.
   rCorr:     It protects you from acid and corrosion.
   Will:      It increases your willpower.
 v - the ring of Lynyaffaass (left hand) {rF++ rN+ Will+ Str+6 Slay-5}
   (You found it on level 3 of the Lair of Beasts)

   [ring of strength]

   Str:       It affects your strength (+6).
   Slay:      It affects your accuracy & damage with ranged weapons and melee
   (-5).
   rF:        It greatly protects you from fire.
   rN:        It protects you from negative energy.
   Will:      It increases your willpower.
 F - a ring of fire
 G - the ring of Restowk {EV+5 Dex+3}
   (You took it off a merfolk impaler on level 1 of the Shoals)

   [ring of evasion]

   EV:        It affects your evasion (+5).
   Dex:       It affects your dexterity (+3).
 S - an amulet of the acrobat (around neck)
 Y - the ring of Pibyefuu {rC+ Dex+7}
   (You found it on level 5 of the Lair of Beasts)

   [ring of protection from cold]

   Dex:       It affects your dexterity (+7).
   rC:        It protects you from cold.
Wands
 h - a wand of mindburst (6)
 i - a wand of charming (6)
 y - a wand of roots (36)
 A - a wand of acid (14)
 D - a wand of flame (25)
 H - a wand of polymorph (5)
 U - a wand of digging (7)
Scrolls
 d - 11 scrolls of teleportation {@r2}
 j - 2 scrolls of enchant weapon
 n - a scroll of blinking
 p - 6 scrolls of fear
 q - 4 scrolls of silence {!r}
 w - 6 scrolls of poison
 B - a scroll of enchant armour
 E - a scroll of butterflies
 J - 2 scrolls of revelation
 P - a scroll of fog
Potions
 l - 8 potions of curing {@q1}
 m - 8 potions of brilliance
 o - 4 potions of heal wounds {@q2}
 r - 3 potions of mutation
 s - 5 potions of invisibility
 z - 4 potions of haste {@q3}
 O - 2 potions of ambrosia
 R - 4 potions of enlightenment
 V - 4 potions of magic
 W - 4 potions of might
 X - a potion of cancellation
Miscellaneous
 L - a phial of floods

Dungeon Overview and Level Annotations

Branches:
Dungeon (15/15)            Temple (1/1) D:7            Lair (5/5) D:11
 Shoals (3/4) Lair:2        Snake (0/4) Lair:2        Slime (0/5) Lair:5
    Orc (2/2) D:11            Elf (3/3) Orc:2        Vaults (0/5) D:14
 Depths (0/4) D:15        Ossuary (visited)

Altars:
Ashenzari
Cheibriados
Dithmenos
Elyvilon
Fedhas
Gozag
Hepliaklqana
Kikubaaqudgha
Makhleb
Nemelex Xobeh
Okawaru
Qazlal
Ru
Sif Muna
Trog
Uskayaw
Vehumet
Wu Jian
Xom
Yredelemnul
Zin
The Shining One

Shops:
D:11 *   D:14 (!   Orc:2 ?[:(   Elf:1 [:   Elf:2 :   Elf:3 (   Shoals:1 =

Annotations:
D:6 exclusion: downstairs
D:7 exclusion: downstairs
D:14 exclusion: downstairs
Shoals:3 Ilsuiw, Polyphemus
Elf:2 3 runed translucent doors

....~~~~~~~~~~~~.....~~~~~~≈≈≈≈≈≈
....~~~~~~~~~~........~~~~~≈≈≈≈≈≈
.##..~~~~~~~~~~.).)....~~~~≈≈≈≈≈≈
###.>~~~~~≈~~~~~).~~....~~≈≈≈≈≈≈≈
#...~~~~~≈≈~~~~~~~~~.....~~≈≈≈≈≈≈
...#.~~~~.~~~~~~~.....#▒#..~≈≈≈≈≈
..##..~...~~~~~~......▒ ##.~~≈≈≈≈
##.......#▒#.~~Y......###..~~≈≈≈≈
#.....▒▒▒▒ #.~~H@▒▒▒..#...~~~≈≈≈≈
.....#▒ ▒#..~.#▒ #.....~~~≈≈≈≈≈
..~~~## #..~~(#▒ ##...~~~~≈≈≈≈≈
~)~~~.#▒ ##..~...# #...~~~≈≈≈≈≈≈
~~[~~).# #.......# #..~~~≈≈≈≈≈≈≈
)~~(~=)###......~# ##...~~~~~≈≈≈≈
~≈≈≈~~...#▒▒#.~~~###.....~~~~≈≈≈≈
≈≈≈≈~~.#▒▒ #..~~~.......~~~~~≈≈≈≈
~~≈≈~~.▒ ##..~~~....~~~~~~~≈≈≈≈≈


You could see a death yak and a harpy.


Message History

The harpy claws you.
* * * LOW HITPOINT WARNING * * *
The catoblepas gores you but does no damage.
The death yak is engulfed in freezing vapours.
The death yak gores you.
* * * LOW HITPOINT WARNING * * *
The death yak is engulfed in calcifying dust.
Your limbs are stiffening.
You fly upwards.
Your toxic aura wanes.
You have turned to stone.
The harpy claws you.
* * * LOW HITPOINT WARNING * * *
The harpy claws you but does no damage.
The death yak gores you but does no damage.
The death yak gores you but does no damage.
The harpy claws you but does no damage. x2; The death yak gores you!!
* * * LOW HITPOINT WARNING * * *
The harpy claws you but does no damage. x2
The death yak completely misses you.
The death yak looks more healthy.
The harpy claws you but does no damage. x2
The death yak gores you!
* * * LOW HITPOINT WARNING * * *
The harpy claws you but does no damage. x2
The death yak gores you but does no damage.
The harpy claws you but does no damage. The harpy barely misses you.
The death yak gores you!
* * * LOW HITPOINT WARNING * * *
The harpy claws you!
You die...

Skill      XL: |  1  2  3  4  5  6  7  8  9 10 11 12 13 14 15 16 17 18 |
---------------+-------------------------------------------------------+-----
Conjurations   | 2 3 4 5 6 7 9 10 | 10.7
Air Magic      | 5 6 7 8 10 11 12 16 17 20 21 22 24 | 24.2
Poison Magic   | 1 2 3 4 7 9 |  9.3
Evocations     | 2 6 |  6.0
Armour         | 3 5 |  5.0
Spellcasting   | 4 6 7 8 10 12 13 | 13.0
Fighting       | 2 3 7 |  7.0
Dodging        | 3 5 8 9 12 14 | 14.0
Shields        | 3 4 5 |  5.0
Stealth        | 5 6 |  6.0
Summonings     | 2 4 7 8 |  8.0
Ice Magic      | 3 6 |  6.0
Fire Magic     | 2 9 |  9.0

Action                     |  1- 3 |  4- 6 |  7- 9 | 10-12 | 13-15 | 16-18 || total
---------------------------+-------+-------+-------+-------+-------+-------++-------
  Melee: Unarmed           |       |     1 |    24 |       |       |       ||    25
         Kick              |       |       |    10 |    10 |    21 |    13 ||    54
         Peck              |       |       |    10 |     7 |    15 |     5 ||    37
         Trident           |       |       |       |    13 |       |       ||    13
         Staff             |       |       |       |    14 |    58 |    41 ||   113
         Punch             |       |       |       |     1 |       |       ||     1
   Cast: Shock             |    80 |   142 |   161 |   107 |     1 |       ||   491
         Mephitic Cloud    |       |     2 |     7 |    37 |    68 |    11 ||   125
         Airstrike         |       |       |    73 |   233 |   376 |   278 ||   960
         Swiftness         |       |       |     2 |     9 |    11 |    11 ||    33
         Static Discharge  |       |       |       |    21 |    60 |     3 ||    84
         Summon Lightning  |       |       |       |       |    77 |    38 ||   115
         Maxwell's Capacit |       |       |       |       |    28 |     5 ||    33
         Freezing Cloud    |       |       |       |       |    22 |   158 ||   180
         Plasma Beam       |       |       |       |       |       |   116 ||   116
         Ignite Poison     |       |       |       |       |       |     4 ||     4
         Olgreb's Toxic Ra |       |       |       |       |       |     4 ||     4
  Evoke: Wand              |       |       |    17 |    19 |    42 |    14 ||    92
         Phial of floods   |       |       |       |     2 |     3 |     2 ||     7
    Use: Scroll            |       |     6 |     4 |     4 |    19 |     3 ||    36
         Potion            |       |       |     1 |     4 |     1 |       ||     6
   Stab: Confused          |       |       |     1 |       |     2 |       ||     3
         Sleeping          |       |       |       |     1 |       |     1 ||     2
         Distracted        |       |       |       |       |     1 |       ||     1
 Armour: Robe              |     5 |     3 |     9 |    11 |    29 |       ||    57
         Steam dragon scal |       |       |     7 |    11 |       |       ||    18
         Leather armour    |       |       |       |       |     8 |    66 ||    74
  Dodge: Dodged            |    19 |    28 |    88 |   141 |   191 |   202 ||   669
  Block: Buckler           |       |       |       |     1 |    31 |    74 ||   106

Levels and vault maps discovered:
D:1:      onia_arrival_mini_maze_b, layout_loops_ring, minmay_misc_feat_doors
D:2:      layout_basic
D:3:      layout_basic, nicolae_figureground_pulse, uniq_natasha, uniq_ijyb
D:4:      layout_rooms, serial_corexii_hall, chequers_hall_statues_y,
          corexii_hall_statues_i, uniq_menkaure, uniq_duvessa, uniq_eustachio,
          uniq_blork_the_orc
D:5:      layout_basic, nemelex_dance_club_becter, enter_ossuary_1
D:6:      layout_rooms, zin_statuary, mainiacjoe_overflow_surrounded_room
D:7:      layout_loops_ring, temple_fountains
D:8:      old_forge, layout_basic, hex_large, uniq_pikel
D:9:      layout_long_grid, ebering_ghost_disaster_area
D:10:     minmay_the_grid_4x2 [minmay_the_grid_tiny_cups,
          minmay_the_grid_diamond_grid, minmay_the_grid_minigrid_small,
          minmay_the_grid_aliased_spiral, minmay_the_grid_empty,
          minmay_the_grid_holed_spiral, minmay_the_grid_all_tris,
          minmay_the_grid_prize_trominoes], layout_rooms, lemuel_round_altar
D:11:     layout_basic, dpeg_oklobed_lair, erik_orc_1, serial_shops,
          nicolae_shop_overgrown_old_shop, uniq_fannar
D:12:     layout_irregular_city, uniq_gastronok
D:13:     layout_basic, serial_rivers, chequers_serial_rivers_large_b,
          chequers_serial_rivers_marsh, chequers_serial_rivers_micro_a,
          chequers_serial_rivers_micro_e, chequers_serial_rivers_micro_c,
          grunt_ministairs_13, hangedman_corner_corridor
D:14:     layout_roguey, skrybe_vaults_entry_preservation, serial_shops, shop,
          shop, led_sif_pool, serial_curves, eino_curves_03, eino_curves_03,
          st_stairs_7
D:15:     grunt_enter_depths_giant_problem, layout_basic, nicolae_wwwww
Temple:   nicolae_temple_bog_church
Lair:1:   layout_big_grid, serial_bayou_shore_b
Lair:2:   layout_cave_pods, elwin_shoals_entry_rocks,
          nicolae_snake_entry_warm_welcome
Lair:3:   layout_chaotic_city, uniq_rupert
Lair:4:   layout_concentric_octagons, nzn_sisyphean_effort, uniq_nessos
Lair:5:   gammafunk_lair_ancient_temple, layout_hall_layers,
          dpeg_slime_entry_enclosed, gammafunk_ghost_wrathful_warriors,
          portal_ice_cave_demonic_guard, dpeg_oklob_1, serial_bayou_shore_b,
          uniq_urug
Shoals:1: dreamdust_from_the_deep, layout_shoals, serial_shops, shop_coins
Shoals:2: layout_shoals, abandoned_shop
Shoals:3: argonaut_golden_fleece, layout_shoals, uniq_nikola, uniq_polyphemus,
          uniq_ilsuiw
Orc:1:    layout_diamond_mine, uniq_harold
Orc:2:    st_orc_mages, layout_caves, uniq_sonja, uniq_jorgrun, uniq_snorg
Elf:1:    layout_gridlike, serial_shops, bzr_entry_water, shop,
          nicolae_shop_real_fake_doors, hangedman_elven_crosses_minicolossus,
          nicolae_concentric_dashed_squares_wild
Elf:2:    nicolae_elf_blades_crystal_corner, layout_loops_corners,
          nicolae_shop_vocational, uniq_asterion
Elf:3:    minmay_elf_hall_curves, layout_geoelf_diagonals, serial_shops,
          nicolae_lakefront_shop, uniq_mara, uniq_aizul, uniq_bai_suzhen,
          uniq_donald

Notes
Turn   | Place    | Note
-------+----------+-------------------------------------------
     0 | D:1      | quinnr the Tengu Air Elementalist began the quest for the
                  | Orb.
     0 | D:1      | Reached XP level 1. HP: 10/10 MP: 4/4
   197 | D:1      | Reached skill level 2 in Conjurations
   244 | D:1      | Reached XP level 2. HP: 15/15 MP: 3/6
  1030 | D:1      | Reached skill level 3 in Conjurations
  1030 | D:1      | Reached XP level 3. HP: 14/19 MP: 1/7
  1506 | D:2      | Reached skill level 5 in Air Magic
  2183 | D:3      | Noticed Ijyb
  2198 | D:2      | Killed Ijyb
  2199 | D:2      | Reached XP level 4. HP: 8/24 MP: 1/8
  2306 | D:3      | Reached skill level 4 in Conjurations
  2489 | D:3      | Gained mutation: Your magical nature lets you fly swiftly
                  | and evasively. [Tengu growth]
  2489 | D:3      | Reached XP level 5. HP: 28/28 MP: 4/9
  2602 | D:3      | Learned a level 3 spell: Mephitic Cloud
  2819 | D:3      | Reached skill level 6 in Air Magic
  2834 | D:3      | Noticed Natasha
  2842 | D:3      | Killed Natasha
  3046 | D:3      | Reached skill level 1 in Poison Magic
  3183 | D:3      | Reached skill level 5 in Conjurations
  3183 | D:3      | Reached XP level 6. HP: 32/32 MP: 3/10
  3244 | D:3      | Noticed Natasha
  3257 | D:3      | Killed Natasha
  3588 | D:3      | Noticed Natasha
  3604 | D:3      | Killed Natasha
  3719 | D:4      | Noticed Eustachio
  3734 | D:4      | Noticed Menkaure
  3780 | D:3      | Reached skill level 2 in Poison Magic
  3926 | D:5      | Entered Level 5 of the Dungeon
  4016 | D:5      | Reached skill level 7 in Air Magic
  4034 | D:5      | Noticed a sky beast
  4081 | D:5      | Found a sand-covered staircase.
  4090 | Ossuary  | Entered an ossuary
  4096 | Ossuary  | Learned a level 4 spell: Airstrike
  4532 | Ossuary  | Reached skill level 6 in Conjurations
  4601 | Ossuary  | Reached XP level 7. HP: 36/36 MP: 7/11
  4930 | Ossuary  | Reached skill level 3 in Poison Magic
  5203 | D:5      | Reached skill level 7 in Conjurations
  5493 | D:5      | Reached skill level 8 in Air Magic
  5759 | D:5      | Reached XP level 8. HP: 41/41 MP: 1/12
  6048 | D:5      | Found a sparkling altar of Nemelex Xobeh.
  6222 | D:5      | Reached skill level 8 in Conjurations
  6437 | D:6      | Reached skill level 1 in Evocations
  6528 | D:5      | Reached skill level 9 in Air Magic
  6657 | D:6      | Found a glowing silver altar of Zin.
  6822 | D:6      | Reached skill level 2 in Evocations
  6985 | D:7      | Reached skill level 1 in Armour
  7272 | D:7      | Reached skill level 2 in Armour
  7315 | D:7      | Reached skill level 9 in Conjurations
  7573 | D:6      | Reached skill level 3 in Armour
  7573 | D:6      | Reached skill level 10 in Air Magic
  7573 | D:6      | Reached XP level 9. HP: 26/45 MP: 0/13
  7920 | D:6      | Found a burning altar of Makhleb.
  8385 | D:4      | Killed Eustachio
  8386 | D:4      | Reached skill level 10 in Conjurations
  8527 | D:4      | Noticed Duvessa
  8527 | D:4      | Noticed Dowan
  8971 | D:4      | Noticed Blork the orc
  8974 | D:4      | Killed Blork the orc
  9187 | D:6      | Learned a level 3 spell: Swiftness
  9347 | D:7      | Reached skill level 11 in Air Magic
  9839 | D:7      | Found a staircase to the Ecumenical Temple.
  9846 | Temple   | Entered the Ecumenical Temple
  9941 | Temple   | Became a worshipper of Vehumet
 10644 | D:8      | Reached skill level 3 in Spellcasting
 10644 | D:8      | Reached skill level 4 in Poison Magic
 10880 | D:8      | Reached skill level 4 in Spellcasting
 11086 | D:7      | Reached XP level 10. HP: 50/50 MP: 11/18
 11129 | D:8      | Noticed a two-headed ogre
 11145 | D:8      | Killed a two-headed ogre
 11146 | D:8      | Reached skill level 5 in Spellcasting
 11146 | D:8      | Reached skill level 5 in Poison Magic
 11348 | D:8      | Noticed a two-headed ogre
 11598 | D:7      | Reached skill level 6 in Poison Magic
 12337 | D:8      | Noticed Pikel
 12522 | D:8      | Reached skill level 7 in Poison Magic
 12560 | D:8      | Reached skill level 1 in Fighting
 12917 | D:8      | Reached * piety under Vehumet
 12917 | D:8      | Offered knowledge of Sandblast by Vehumet.
 13022 | D:8      | Killed Pikel
 13023 | D:8      | Reached skill level 2 in Fighting
 13023 | D:8      | Reached skill level 3 in Dodging
 13549 | D:8      | Learned a level 8 spell: Maxwell's Capacitive Coupling
 13601 | D:9      | Reached skill level 12 in Air Magic
 13695 | D:9      | Found a large runed translucent door.
 13695 | D:9      | Found a large runed translucent door.
 13699 | D:9      | Noticed GiantSquids's ghost (journeyman OpSh)
 13888 | D:9      | Identified the +4 trident of Outrage {heavy, rElec rF+
                  | Str+3}
 14016 | D:9      | Noticed a two-headed ogre
 14171 | D:8      | Killed a two-headed ogre
 14172 | D:8      | Reached skill level 6 in Spellcasting
 14172 | D:8      | Reached XP level 11. HP: 57/57 MP: 3/21
 14289 | D:9      | Reached skill level 13 in Air Magic
 14901 | D:9      | Identified the ring "Wushra Qahau" {Str+6 Int+6}
 15278 | D:10     | Entered Level 10 of the Dungeon
 15425 | D:10     | Noticed a two-headed ogre
 15455 | D:10     | Killed a two-headed ogre
 15456 | D:10     | Reached skill level 14 in Air Magic
 15615 | D:10     | Reached ** piety under Vehumet
 15723 | D:10     | Found an iron altar of Okawaru.
 15725 | D:10     | Offered knowledge of Kiss of Death by Vehumet.
 16110 | D:10     | Learned a level 2 spell: Static Discharge
 16150 | D:10     | Noticed a centaur warrior
 16162 | D:10     | Reached skill level 15 in Air Magic
 16171 | D:10     | Killed a centaur warrior
 16381 | D:10     | Identified the ring of Big Hiaf {rC++ Will+ rCorr AC+4
                  | Str-4}
 16381 | D:10     | Noticed a centaur warrior
 16399 | D:10     | Killed a centaur warrior
 16440 | D:10     | Reached skill level 4 in Dodging
 16544 | D:10     | Noticed a boulder beetle
 17093 | D:10     | Killed a boulder beetle
 17094 | D:10     | Reached skill level 1 in Shields
 17247 | D:10     | Noticed a four-headed hydra
 17263 | D:10     | Killed a four-headed hydra
 17264 | D:10     | Reached skill level 5 in Dodging
 17264 | D:10     | Reached skill level 2 in Shields
 17264 | D:10     | Reached skill level 16 in Air Magic
 17415 | D:10     | Noticed an orc knight
 17604 | D:10     | Killed an orc knight
 18092 | D:11     | Noticed Fannar
 18120 | D:11     | Killed Fannar
 18121 | D:11     | Reached skill level 3 in Shields
 18121 | D:11     | Reached XP level 12. HP: 37/62 MP: 7/22
 18463 | D:11     | Found a staircase to the Lair.
 18648 | D:11     | Noticed a boulder beetle
 18699 | D:11     | Reached skill level 6 in Dodging
 19176 | D:11     | Noticed a two-headed ogre
 19226 | D:11     | Killed a two-headed ogre
 19227 | D:11     | Reached skill level 4 in Shields
 19348 | Lair:1   | Entered Level 1 of the Lair of Beasts
 19839 | Lair:1   | Reached skill level 3 in Stealth
 20362 | Lair:1   | Reached skill level 7 in Dodging
 20531 | Lair:1   | Reached skill level 4 in Stealth
 20632 | Lair:1   | Reached skill level 17 in Air Magic
 20824 | Lair:1   | Reached skill level 7 in Spellcasting
 20897 | Lair:1   | Learned a level 4 spell: Summon Lightning Spire
 20943 | Lair:1   | Reached skill level 1 in Summonings
 21052 | Lair:1   | Offered knowledge of Ignite Poison by Vehumet.
 21214 | Lair:1   | Reached skill level 2 in Summonings
 21277 | Lair:1   | Reached skill level 5 in Stealth
 21721 | Lair:2   | Found a staircase to the Snake Pit.
 21854 | Lair:2   | Reached skill level 8 in Dodging
 21854 | Lair:2   | Reached XP level 13. HP: 68/68 MP: 10/24
 21856 | Lair:2   | Found a staircase to the Shoals.
 21861 | Lair:2   | Reached skill level 3 in Summonings
 21975 | Lair:2   | Reached *** piety under Vehumet
 22259 | Lair:2   | Reached skill level 3 in Fighting
 22531 | Lair:2   | Reached skill level 4 in Summonings
 23721 | Lair:3   | Offered knowledge of Inner Flame by Vehumet.
 24060 | Lair:3   | Noticed Rupert
 24085 | Lair:3   | Paralysed by Rupert for 4 turns
 24414 | Lair:3   | Identified the ring of Lynyaffaass {rF++ rN+ Will+ Str+6
                  | Slay-5}
 24443 | Lair:3   | Reached skill level 8 in Spellcasting
 24631 | Lair:3   | Killed Rupert
 24632 | Lair:3   | Reached skill level 18 in Air Magic
 25051 | Lair:4   | Identified the +0 robe of Recklessness {Drain Int+5 Dex+3}
 25139 | Lair:4   | Noticed Nessos
 25148 | Lair:4   | Killed Nessos
 25490 | Lair:4   | Reached skill level 19 in Air Magic
 25981 | Lair:5   | Entered Level 5 of the Lair of Beasts
 26000 | Lair:5   | Noticed horus123's ghost (journeyman DEEE)
 26005 | Lair:5   | Reached **** piety under Vehumet
 26023 | Lair:5   | Found a bloodstained altar of Trog.
 26030 | Lair:5   | Found a transporter.
 26365 | Lair:4   | Offered knowledge of Fireball by Vehumet.
 26553 | Lair:5   | Reached skill level 20 in Air Magic
 26708 | Lair:5   | Reached skill level 6 in Stealth
 26731 | Lair:5   | Reached XP level 14. HP: 74/74 MP: 4/27
 26923 | Lair:5   | Noticed Urug
 26931 | Lair:5   | Killed Urug
 27196 | Lair:5   | Reached skill level 4 in Fighting
 27462 | Lair:5   | Reached skill level 5 in Summonings
 27607 | Lair:5   | Reached skill level 9 in Dodging
 28048 | Lair:5   | Reached skill level 5 in Fighting
 28654 | Lair:5   | Found a transporter.
 28711 | Lair:5   | Reached skill level 6 in Fighting
 29028 | Lair:5   | Identified the ring of Pibyefuu {rC+ Dex+7}
 29279 | Lair:5   | Reached skill level 21 in Air Magic
 29348 | Lair:5   | Reached skill level 7 in Fighting
 29877 | Lair:5   | Reached skill level 6 in Summonings
 30037 | Lair:5   | Found a staircase to the Slime Pits.
 30405 | Lair:5   | Killed horus123's ghost
 30558 | Lair:5   | Reached ***** piety under Vehumet
 30572 | Lair:5   | Offered knowledge of Irradiate by Vehumet.
 30856 | D:11     | Found a staircase to the Orcish Mines.
 31410 | D:11     | Found Mova's Assorted Antiques.
 31418 | D:11     | Bought a scroll of identify for 52 gold pieces
 31552 | D:11     | Reached skill level 7 in Summonings
 31880 | D:12     | Noticed Gastronok
 32281 | D:12     | Reached XP level 15. HP: 71/86 MP: 16/28
 33499 | D:12     | Killed Gastronok
 33500 | D:12     | Reached skill level 5 in Shields
 34078 | D:13     | Identified the -1 pair of boots "Baarch" {rElec Stlth+}
 34105 | D:13     | Reached skill level 10 in Dodging
 34392 | D:13     | Reached skill level 8 in Summonings
 34636 | D:13     | Noticed a sphinx
 34780 | D:15     | Entered Level 15 of the Dungeon
 34865 | D:14     | Found Alapsya's Weapon Shoppe.
 34914 | D:14     | Reached skill level 3 in Evocations
 35214 | D:13     | Noticed a tengu reaver
 35227 | D:13     | Killed a tengu reaver
 35228 | D:13     | Reached skill level 22 in Air Magic
 35387 | D:13     | Killed a sphinx
 35388 | D:13     | Reached skill level 4 in Evocations
 36019 | D:14     | Got Weoletub's Opusculum on the Tundra
 36203 | D:14     | Found Gariuc's Distillery.
 36211 | D:14     | Bought a potion of haste for 120 gold pieces
 36519 | D:14     | Reached skill level 11 in Dodging
 36590 | D:14     | Offered knowledge of Freezing Cloud by Vehumet.
 36591 | D:14     | Reached skill level 5 in Evocations
 36597 | D:14     | Learned a level 5 spell: Freezing Cloud
 36840 | D:14     | Found a gate to the Vaults.
 37020 | D:14     | Reached skill level 1 in Ice Magic
 37185 | D:14     | Found a shimmering blue altar of Sif Muna.
 37979 | D:15     | Reached skill level 2 in Ice Magic
 38172 | D:15     | Found a staircase to the Depths.
 38449 | D:15     | Reached skill level 6 in Evocations
 38529 | D:15     | Identified the +3 leather armour of the Many Gods {rPois
                  | rC+ rN+ Int+2}
 39223 | D:11     | Reached skill level 3 in Ice Magic
 39320 | Orc:1    | Entered Level 1 of the Orcish Mines
 39393 | Orc:2    | Entered Level 2 of the Orcish Mines
 39393 | Orc:2    | Noticed Sonja
 39393 | Orc:2    | Noticed Snorg
 39397 | Orc:2    | Killed Sonja
 39571 | Orc:1    | Killed Snorg
 39694 | Orc:2    | Noticed Jorgrun
 39707 | Orc:1    | Killed Jorgrun
 39916 | Orc:2    | Found a staircase to the Elven Halls.
 39924 | Orc:2    | Reached skill level 12 in Dodging
 40070 | Orc:2    | Reached XP level 16. HP: 85/92 MP: 7/29
 40200 | Orc:2    | Reached skill level 4 in Armour
 40993 | Orc:2    | Offered knowledge of Iskenderun's Battlesphere by Vehumet.
 41020 | Orc:2    | Reached skill level 4 in Ice Magic
 41575 | Orc:2    | Found Zamuskea's Magic Scroll Boutique.
 41575 | Orc:2    | Found Yfuochud's Antique Armour Boutique.
 41576 | Orc:2    | Found Uror's Antique Weapon Shop.
 41580 | Orc:2    | Found Divvekesuo's Book Shop.
 41593 | Orc:2    | Reached skill level 5 in Armour
 41624 | Orc:2    | Bought a book of Lightning for 476 gold pieces
 42373 | Orc:1    | Noticed Harold
 42378 | Orc:1    | Killed Harold
 42464 | Orc:1    | You are sucked into a shaft and drop 1 floor!
 42740 | Elf:1    | Entered Level 1 of the Elven Halls
 42805 | Elf:1    | Found a flickering gateway to a bazaar.
 42836 | Bazaar   | Entered a bazaar
 42861 | Bazaar   | Found Salaothrume's Antique Weapon Emporium.
 42864 | Bazaar   | Found Wuann's Antique Weapon Shoppe.
 42890 | Bazaar   | Found Uqoim's Antique Armour Emporium.
 42902 | Bazaar   | Found Giups's Antique Armour Shoppe.
 42932 | Bazaar   | Bought a faintly humming leather armour for 91 gold pieces
 42932 | Bazaar   | Identified the +1 leather armour "Eggyep" {Rampage} (You
                  | bought it in a shop in a bazaar)
 42954 | Bazaar   | Bought a shimmering lajatang for 380 gold pieces
 42954 | Bazaar   | Identified the +10 lajatang of Tulureco {heavy, *Rage rF-
                  | rN+++ Dex+7} (You bought it in a shop in a bazaar)
 42954 | Bazaar   | Bought an ichor-stained lajatang for 380 gold pieces
 42954 | Bazaar   | Identified the +1 lajatang of Turmoil {heavy, +Blink rElec}
                  | (You bought it in a shop in a bazaar)
 43319 | Elf:1    | Reached skill level 5 in Ice Magic
 43407 | Elf:1    | Found Seocs's Armour Boutique.
 43647 | Elf:1    | Found Idimig's Book Emporium.
 44190 | Elf:1    | Reached skill level 13 in Dodging
 44727 | Elf:1    | Reached skill level 9 in Spellcasting
 44727 | Elf:1    | Reached skill level 6 in Ice Magic
 45904 | Elf:2    | Found Qaoweox's Vocational Training.
 45972 | Elf:2    | Noticed Asterion
 45978 | Elf:2    | Killed Asterion
 46125 | Elf:2    | Reached skill level 14 in Dodging
 46224 | Elf:2    | Reached skill level 10 in Spellcasting
 46291 | Elf:2    | Learned a level 6 spell: Plasma Beam
 46462 | Elf:2    | Reached skill level 1 in Fire Magic
 46673 | Elf:2    | Offered knowledge of Conjure Ball Lightning by Vehumet.
 46776 | Elf:2    | Reached skill level 2 in Fire Magic
 46778 | Elf:2    | Reached XP level 17. HP: 70/96 MP: 3/32
 46862 | Elf:2    | Paralysed by an air elemental for 1 turns
 46942 | Elf:2    | Reached skill level 3 in Fire Magic
 47184 | Elf:2    | Identified the +4 war axe "Ygyarino" {flame, +Blink MP+9}
 47230 | Elf:2    | Identified the +7 long sword of Valour {flame, Will++}
 47382 | Elf:2    | Found a runed translucent gate.
 47383 | Elf:2    | Found a runed translucent gate.
 47383 | Elf:2    | Found a runed translucent gate.
 47477 | Elf:3    | Entered Level 3 of the Elven Halls
 47477 | Elf:3    | Noticed Aizul
 47495 | Elf:2    | Killed Aizul
 47496 | Elf:2    | Reached skill level 4 in Fire Magic
 48052 | Elf:3    | Reached skill level 5 in Fire Magic
 48336 | Elf:3    | Reached skill level 11 in Spellcasting
 48503 | Elf:3    | Reached skill level 6 in Fire Magic
 48794 | Elf:3    | Noticed a deep elf blademaster
 48799 | Elf:3    | Killed a deep elf blademaster
 48895 | Elf:3    | Identified the +1 rapier of Unanodyr {protect, rN+ Int+4}
 49041 | Elf:3    | Identified the +4 plate armour "Ykhleurph" {Stlth+}
 49041 | Elf:3    | Noticed a deep elf master archer
 49284 | Elf:3    | Reached skill level 7 in Fire Magic
 49443 | Elf:3    | Noticed Donald
 49451 | Elf:3    | Killed Donald
 49706 | Elf:3    | Identified the +1 hand axe "Rarcho Bafatu" {vamp, Int+3
                  | SInv}
 49711 | Elf:3    | Learned a level 3 spell: Ignite Poison
 49910 | Elf:3    | Noticed Mara
 49927 | Elf:3    | Killed Mara
 49928 | Elf:3    | Reached skill level 12 in Spellcasting
 49928 | Elf:3    | Reached skill level 8 in Fire Magic
 50057 | Elf:3    | Found Gasysusk's Weapon Emporium.
 50249 | Elf:3    | Noticed an Ice Fiend
 50423 | Elf:3    | Reached skill level 9 in Fire Magic
 50437 | Elf:3    | Noticed a deep elf master archer
 50996 | Elf:3    | Killed a deep elf master archer
 51080 | Elf:3    | Killed a deep elf master archer
 51080 | Elf:3    | Offered knowledge of Ozocubu's Refrigeration by Vehumet.
 51169 | Elf:3    | Noticed Bai Suzhen
 51177 | Elf:3    | Killed Bai Suzhen
 51178 | Elf:3    | Reached XP level 18. HP: 85/101 MP: 9/35
 51395 | Elf:3    | Identified the +9 flail "Lusmaym" {flame, Will+ Stlth+}
 51401 | Elf:3    | Identified the +8 great sword of Greed {flame, rF+}
 51595 | Elf:3    | Noticed a deep elf blademaster
 51604 | Elf:3    | Killed a deep elf blademaster
 52061 | Elf:3    | Identified the staff of the Exiled Allies {rN+ Str+2 Necro}
 52066 | Elf:3    | Identified the scarf "Daint" {harm, rN+ Str+3 Int+2}
 52085 | Elf:3    | Got Naohistiusch's Incunable of Left-Handed Magic
 52094 | Elf:3    | Identified the +1 pair of gloves "Veirchuj" {Int+5}
 52419 | D:9      | Killed GiantSquids's ghost
 52650 | D:4      | Killed Duvessa
 52701 | D:4      | Killed Menkaure
 53041 | D:4      | Killed Dowan
 53254 | Shoals:1 | Entered Level 1 of the Shoals
 53254 | Shoals:1 | Found Matoemma's Jewellery Shoppe.
 53445 | Shoals:1 | Reached skill level 13 in Spellcasting
 53808 | Shoals:1 | Reached skill level 23 in Air Magic
 54060 | Shoals:1 | Noticed a tentacled monstrosity
 54080 | Shoals:1 | Identified the ring of Restowk {EV+5 Dex+3}
 54081 | Shoals:1 | Killed a tentacled monstrosity
 54319 | Shoals:1 | Got the Spellbook of Mad Ravings
 54751 | Shoals:1 | Learned a level 4 spell: Olgreb's Toxic Radiance
 55853 | Shoals:2 | Reached skill level 8 in Poison Magic
 56018 | Shoals:2 | Offered knowledge of Leda's Unmaking by Vehumet.
 56239 | Shoals:2 | Reached skill level 24 in Air Magic
 56740 | Shoals:2 | Reached skill level 9 in Poison Magic
 57261 | Shoals:3 | Noticed Ilsuiw
 57434 | Shoals:3 | Noticed Polyphemus
 57444 | Shoals:2 | HP: 9/101 [death yak[Polyphemus] (5)]
 57446 | Shoals:2 | HP: 2/101 [death yak[Polyphemus] (7)]
 57446 | Shoals:2 | Slain by a harpy

Vanquished Creatures
  Mara (Elf:3)
  Bai Suzhen (Elf:3)
  Jorgrun (Orc:1)
  A tentacled monstrosity (Shoals:1)
  Rupert (Lair:3)
  2 deep elf master archers (Elf:3)
  Gastronok (D:12)
  A sphinx (shapeshifter) (Elf:3)
  Asterion (Elf:2)
  A kraken (Shoals:1)
  A sphinx (D:13)
  Donald (Elf:3)
  Aizul (Elf:2)
  7 deep elf sorcerers (Elf:3)
  3 deep elf elementalists (Elf:3)
  An ironbound preserver (D:14)
  4 deep elf demonologists (Elf:3)
  Nessos (Lair:4)
  8 deep elf annihilators (Elf:3)
  A stone giant (D:15)
  3 deep elf death magi
  A fire dragon (D:14)
  5 merfolk impalers (Shoals:1)
  2 deep elf high priests (Elf:3)
  A great orb of eyes (Shoals:1)
  Harold (Orc:1)
  Fannar (D:11)
  3 hydras
  2 merfolk avatars
  A merfolk aquamancer (Shoals:2)
  3 boulder beetles
  A death knight (D:15)
  7 two-headed ogres
  8 centaur warriors
  The ghost of GiantSquids the Mimic, a journeyman OpSh of Makhleb (D:9)
  17 dancing weapons
  10 death yaks
  An orc high priest (Orc:2)
  2 tengu warriors (D:14)
  14 deep elf knights
  Sonja (Orc:2)
  3 skysharks
  A skeletal warrior (D:15)
  5 sea snakes
  9 deep elf archers
  14 harpies
  19 deep elf pyromancers
  9 manticores
  Pikel (D:8)
  23 deep elf zephyrmancers
  6 orc sorcerers
  A salamander (Lair:2)
  3 orc knights
  6 ugly things
  7 cyclopes
  A salamander (shapeshifter) (Elf:3)
  12 fauns
  5 oklob plants
  5 black mambas
  2 moths of wrath (Lair:5)
  5 elephants (Lair:1)
  6 merfolk sirens
  An apocalypse crab (Shoals:1)
  14 cane toads
  6 water nymphs
  3 gargoyles
  2 kobold demonologists (D:11)
  2 unseen horrors
  5 rime drakes
  A freezing wraith (D:15)
  A komodo dragon (shapeshifter) (Elf:3)
  2 polar bears
  7 komodo dragons
  2 ice devils (Lair:5)
  9 merfolk
  3 tengu conjurers
  8 trolls
  A hornet (Lair:5)
  3 wind drakes
  8 dream sheep (Shoals:1)
  6 blink frogs
  A raiju (shapeshifter) (Elf:3)
  6 snapping turtles
  A centaur simulacrum (D:14)
  A slime creature (D:13)
  2 shadows
  4 wraiths
  30 yaks
  2 air elementals
  5 spriggans (Lair:5)
  2 fire elementals
  A yak (shapeshifter) (D:14)
  4 wyverns
  9 water elementals
  Eustachio (D:4)
  4 basilisks
  Menkaure (D:4)
  A hog (shapeshifter) (D:10)
  3 steam dragons
  7 vampire mosquitoes
  4 wargs
  8 water moccasins
  An acid dragon (D:14)
  Duvessa (D:4)
  21 orc warriors
  2 sky beasts
  A swamp drake (D:11)
  2 black bears
  3 ogres
  5 boggarts (D:15)
  12 centaurs
  A lemure (D:8)
  2 phantoms (D:5)
  2 kobold brigands
  Blork the orc (D:4)
  2 gnoll sergeants (D:8)
  8 bullfrogs
  5 scorpions
  An earth elemental (Elf:1)
  8 wights
  8 killer bees
  Dowan (D:4)
  8 howler monkeys
  3 electric eels (D:15)
  3 lava snakes (Lair:2)
  2 human zombies (Ossuary)
  A jelly (D:5)
  5 hounds
  25 orc priests
  Ijyb (D:2)
  Natasha (thrice) (D:3)
  2 iguanas (D:7)
  41 orc wizards
  5 hell rats (Lair:2)
  2 mummies (Ossuary)
  10 gnolls
  9 adders
  3 white imps
  2 adder zombies (Ossuary)
  3 worms
  2 dart slugs
  65 orcs
  6 endoplasms
  5 giant cockroaches
  7 goblins
  2 hobgoblins (D:1)
  3 quokkas
  9 ball pythons
  9 bats
  2 frilled lizards (D:2)
  12 hobgoblin zombies (Ossuary)
  A jackal zombie (Ossuary)
  19 kobolds
  10 kobold zombies (Ossuary)
  8 orc zombies (Ossuary)
  3 rats
  A rat zombie (Ossuary)
  3 tentacles (Shoals:1)
830 creatures vanquished.

Vanquished Creatures (collateral kills)
  2 deep elf blademasters (Elf:3)
  A tengu reaver (D:13)
  A deep elf sorcerer (Elf:3)
  3 deep elf elementalists (Elf:3)
  A deep elf annihilator (Elf:3)
  Snorg (Orc:1)
  The ghost of horus123 the Geomancer, a journeyman DEEE of Vehumet (Lair:5)
  A hydra (Lair:5)
  A two-headed ogre (D:13)
  2 boulder beetles
  3 death yaks
  A tengu warrior (D:14)
  Urug (Lair:5)
  2 skysharks
  A deep elf knight (Elf:3)
  2 deep elf archers
  4 ugly things
  A deep elf zephyrmancer (Elf:1)
  A cyclops (D:14)
  An elephant (Lair:4)
  An apocalypse crab (Shoals:1)
  3 rime drakes (Lair:5)
  A cane toad (Lair:4)
  A kobold demonologist (D:11)
  2 komodo dragons
  2 freezing wraiths (D:14)
  3 trolls
  A merfolk (Shoals:1)
  A hornet (Lair:5)
  A blink frog (Lair:2)
  A wyvern (Lair:5)
  A wraith (D:15)
  A basilisk (Lair:2)
  4 yaks
  A vampire mosquito (D:14)
  A steam dragon (Lair:5)
  2 acid dragons
  A water moccasin (Lair:4)
  5 orc warriors
  2 orc priests (Orc:2)
  6 orc wizards
  2 hell rats (Lair:2)
  6 orcs
80 creatures vanquished.

Vanquished Creatures (others)
  A yak (Lair:5)
  A tentacle (Shoals:1)
2 creatures vanquished.

Grand Total: 912 creatures vanquished

Table legend: (Time is in decaauts)
 A = Elapsed time spent in this place.
 B = Non-inter-level travel time spent in this place.
 C = Inter-level travel time spent in this place.
 D = Time resting spent in this place.
 E = Time spent auto-exploring this place.
 F = Levels seen in this place.
 G = Mean time per level.
                   A        B        C        D        E       F      G
               +--------+--------+--------+--------+--------+-----+--------+
         Total |  55273 |  51426 |   3847 |  11074 |  32716 |  31 | 1783.0 |
       Dungeon |  27285 |  24865 |   2420 |   4486 |  16817 |  15 | 1819.0 |
        Temple |    161 |    161 |      0 |     57 |     88 |   1 |  161.0 |
          Lair |  10708 |  10190 |    518 |   2307 |   6343 |   5 | 2141.6 |
        Shoals |   3800 |   3707 |     93 |    792 |   2476 |   3 | 1266.7 |
  Orcish Mines |   3806 |   3648 |    158 |   1155 |   2037 |   2 | 1903.0 |
   Elven Halls |   8480 |   7823 |    657 |   2121 |   4445 |   3 | 2826.7 |
        Bazaar |    133 |    133 |      0 |      0 |     58 |   1 |  133.0 |
       Ossuary |    898 |    898 |      0 |    154 |    449 |   1 |  898.0 |
               +--------+--------+--------+--------+--------+-----+--------+

Top non-repeatable levels by time:
    D:11: 3722 daAuts
   Elf:3: 3284 daAuts
  Lair:5: 3100 daAuts
   Orc:2: 2931 daAuts
   Elf:2: 2849 daAuts
     D:8: 2649 daAuts
  Lair:4: 2626 daAuts
   Elf:1: 2347 daAuts
     D:7: 2319 daAuts
    D:10: 2219 daAuts
Shoals:1: 2069 daAuts
  Lair:2: 1896 daAuts
     D:5: 1855 daAuts
    D:14: 1829 daAuts
    D:13: 1808 daAuts

Table legend:
 A = Non-vault XP
 B = Vault XP
 C = Vault XP percentage of total XP
 D = Non-vault monster count
 E = Vault monster count
 F = Vault count percentage of total count
                 A         B        C        D         E       F
            +---------+---------+-------+---------+---------+-------
      Total |  178908 |  126972 |  41.5 |     638 |     269 |  29.7
            +---------+---------+-------+---------+---------+-------
        D:1 |      47 |       2 |   4.1 |      20 |       1 |   4.8
        D:2 |      21 |      38 |  64.4 |      12 |       1 |   7.7
        D:3 |     317 |      37 |  10.5 |      26 |       1 |   3.7
        D:4 |      22 |     679 |  96.9 |       6 |       5 |  45.5
        D:5 |     748 |     124 |  14.2 |      17 |       2 |  10.5
        D:6 |     944 |       0 |   0.0 |      17 |       0 |   0.0
        D:7 |    1587 |       0 |   0.0 |      26 |       0 |   0.0
        D:8 |    3320 |     908 |  21.5 |      33 |      11 |  25.0
        D:9 |    1821 |     824 |  31.2 |      25 |       1 |   3.8
       D:10 |    1545 |    5673 |  78.6 |      15 |      14 |  48.3
       D:11 |    6740 |    1984 |  22.7 |      25 |      19 |  43.2
       D:12 |    5366 |    1554 |  22.5 |      25 |       1 |   3.8
       D:13 |    2596 |    5316 |  67.2 |       4 |       7 |  63.6
       D:14 |    8629 |    5386 |  38.4 |      19 |      11 |  36.7
       D:15 |    8339 |    1014 |  10.8 |      25 |       1 |   3.8
     Lair:1 |    8413 |       0 |   0.0 |      24 |       0 |   0.0
     Lair:2 |    5071 |     735 |  12.7 |      24 |       4 |  14.3
     Lair:3 |    4412 |    1780 |  28.7 |      18 |       1 |   5.3
     Lair:4 |    6727 |    2943 |  30.4 |      18 |       5 |  21.7
     Lair:5 |   14891 |   14885 |  50.0 |      33 |      33 |  50.0
   Shoals:1 |   14959 |    8808 |  37.1 |      35 |       9 |  20.5
   Shoals:2 |   24700 |       0 |   0.0 |      47 |       0 |   0.0
   Shoals:3 |     678 |       0 |   0.0 |       2 |       0 |   0.0
      Orc:1 |    1302 |    3723 |  74.1 |      23 |       3 |  11.5
      Orc:2 |    4428 |    5639 |  56.0 |      38 |      42 |  52.5
      Elf:1 |   16763 |   10801 |  39.2 |      27 |      16 |  37.2
      Elf:2 |   15322 |    7004 |  31.4 |      26 |       7 |  21.2
      Elf:3 |   19200 |   46951 |  71.0 |      28 |      36 |  56.2
    Ossuary |       0 |     164 | 100.0 |       0 |      38 | 100.0
            +---------+---------+-------+---------+---------+-------

Levels and vault maps discovered:
D:1:      onia_arrival_mini_maze_b, layout_loops_ring, minmay_misc_feat_doors
D:2:      layout_basic
D:3:      layout_basic, nicolae_figureground_pulse, uniq_natasha, uniq_ijyb
D:4:      layout_rooms, serial_corexii_hall, chequers_hall_statues_y,
          corexii_hall_statues_i, uniq_menkaure, uniq_duvessa, uniq_eustachio,
          uniq_blork_the_orc
D:5:      layout_basic, nemelex_dance_club_becter, enter_ossuary_1
D:6:      layout_rooms, zin_statuary, mainiacjoe_overflow_surrounded_room
D:7:      layout_loops_ring, temple_fountains
D:8:      old_forge, layout_basic, hex_large, uniq_pikel
D:9:      layout_long_grid, ebering_ghost_disaster_area
D:10:     minmay_the_grid_4x2 [minmay_the_grid_tiny_cups,
          minmay_the_grid_diamond_grid, minmay_the_grid_minigrid_small,
          minmay_the_grid_aliased_spiral, minmay_the_grid_empty,
          minmay_the_grid_holed_spiral, minmay_the_grid_all_tris,
          minmay_the_grid_prize_trominoes], layout_rooms, lemuel_round_altar
D:11:     layout_basic, dpeg_oklobed_lair, erik_orc_1, serial_shops,
          nicolae_shop_overgrown_old_shop, uniq_fannar
D:12:     layout_irregular_city, uniq_gastronok
D:13:     layout_basic, serial_rivers, chequers_serial_rivers_large_b,
          chequers_serial_rivers_marsh, chequers_serial_rivers_micro_a,
          chequers_serial_rivers_micro_e, chequers_serial_rivers_micro_c,
          grunt_ministairs_13, hangedman_corner_corridor
D:14:     layout_roguey, skrybe_vaults_entry_preservation, serial_shops, shop,
          shop, led_sif_pool, serial_curves, eino_curves_03, eino_curves_03,
          st_stairs_7
D:15:     grunt_enter_depths_giant_problem, layout_basic, nicolae_wwwww
Temple:   nicolae_temple_bog_church
Lair:1:   layout_big_grid, serial_bayou_shore_b
Lair:2:   layout_cave_pods, elwin_shoals_entry_rocks,
          nicolae_snake_entry_warm_welcome
Lair:3:   layout_chaotic_city, uniq_rupert
Lair:4:   layout_concentric_octagons, nzn_sisyphean_effort, uniq_nessos
Lair:5:   gammafunk_lair_ancient_temple, layout_hall_layers,
          dpeg_slime_entry_enclosed, gammafunk_ghost_wrathful_warriors,
          portal_ice_cave_demonic_guard, dpeg_oklob_1, serial_bayou_shore_b,
          uniq_urug
Shoals:1: dreamdust_from_the_deep, layout_shoals, serial_shops, shop_coins
Shoals:2: layout_shoals, abandoned_shop
Shoals:3: argonaut_golden_fleece, layout_shoals, uniq_nikola, uniq_polyphemus,
          uniq_ilsuiw
Orc:1:    layout_diamond_mine, uniq_harold
Orc:2:    st_orc_mages, layout_caves, uniq_sonja, uniq_jorgrun, uniq_snorg
Elf:1:    layout_gridlike, serial_shops, bzr_entry_water, shop,
          nicolae_shop_real_fake_doors, hangedman_elven_crosses_minicolossus,
          nicolae_concentric_dashed_squares_wild
Elf:2:    nicolae_elf_blades_crystal_corner, layout_loops_corners,
          nicolae_shop_vocational, uniq_asterion
Elf:3:    minmay_elf_hall_curves, layout_geoelf_diagonals, serial_shops,
          nicolae_lakefront_shop, uniq_mara, uniq_aizul, uniq_bai_suzhen,
          uniq_donald
